 Dungeon Crawl Stone Soup version 0.23.2-1-ga50397a (webtiles) character file.

Game seed: 6804848950026432639

6154 doot the Tainter (level 10, -3/77 HPs)
             Began as a Red Draconian Venom Mage on May 21, 2019.
             Was a Follower of Vehumet.
             Slain by a spiny frog (25 damage)
             ... on level 1 of the Lair of Beasts.
             The game lasted 00:31:48 (10534 turns).

doot the Tainter (Red Draconian Venom Mage)        Turns: 10534, Time: 00:31:49

Health: -3/77      AC:  9    Str: 11    XL:     10   Next: 59%
Magic:  22/22      EV: 14    Int: 21    God:    Vehumet [*.....]
Gold:   543        SH:  0    Dex: 17    Spells: 10/25 levels left

rFire    + . .     SeeInvis .   R - +6 long sword "Hifaq" {slice, rElec Dex+5}
rCold    . . .     Gourm    .   (no shield)
rNeg     . . .     Faith    .   (armour unavailable)
rPois    .         Spirit   .   (helmet restricted)
rElec    +         Reflect  .   (no cloak)
rCorr    .         Harm     .   (no gloves)
MR       .....                  T - +1 pair of boots
Stlth    +++.......             p - amulet of magic regeneration
HPRegen  0.22/turn              K - +3 ring of intelligence
MPRegen  0.43/turn              t - ring of wizardry

@: lethally poisoned (-3 -> -22), short of breath
A: breathe fire, unfitting armour, fire resistance 1, cold-blooded, AC +7
a: Breathe Fire, Renounce Religion


You were on level 1 of the Lair of Beasts.
You worshipped Vehumet.
Vehumet was aware of your devotion.
You were hungry.

You visited 3 branches of the dungeon, and saw 14 of its levels.

You collected 669 gold pieces.
You spent 126 gold pieces at shops.

Inventory:

Hand Weapons
 f - a +0 vampiric dagger
 o - a +0 hand axe
 G - a +3 quarterstaff of protection
 R - the +6 long sword "Hifaq" (weapon) {slice, rElec Dex+5}
   (You found it on level 1 of the Lair of Beasts)

   It inflicts extra damage upon your enemies.
   It affects your dexterity (+5).
   It insulates you from electricity.
Missiles
 n - a throwing net (quivered)
Armour
 T - a +1 pair of boots (worn)
Jewellery
 e - an uncursed amulet of the gourmand
 p - an amulet of magic regeneration (around neck)
 q - an uncursed amulet of regeneration
 t - a ring of wizardry (right hand)
 E - an uncursed amulet of guardian spirit
 F - a +5 ring of strength
 K - a +3 ring of intelligence (left hand)
 M - a +2 ring of strength
 N - an uncursed ring of stealth
 P - an uncursed ring of ice
 Q - an uncursed ring of stealth
Wands
 c - a wand of iceblast (3)
 w - a wand of random effects (10)
 x - a wand of acid (14)
 A - a wand of flame (20)
 D - a wand of polymorph (10)
 S - a wand of enslavement (6)
Scrolls
 i - 3 scrolls of teleportation
 l - 4 scrolls of identify
 r - a scroll of magic mapping
 s - a scroll of random uselessness {unknown}
 u - a scroll of enchant weapon {unknown}
 v - a scroll of fear
 y - 3 scrolls of enchant armour
 z - a scroll of brand weapon {unknown}
 C - 3 scrolls of amnesia {unknown}
 H - a scroll of fog
 I - a scroll of immolation {unknown}
 J - 4 scrolls of remove curse
 O - a scroll of summoning {unknown}
Potions
 a - 5 potions of brilliance {unknown}
 d - a potion of agility {unknown}
 g - 4 potions of heal wounds {unknown}
 h - 3 potions of degeneration {unknown}
 j - 2 potions of haste {unknown}
 k - 2 potions of might {unknown}
 m - 5 potions of lignification
 B - 2 potions of resistance {unknown}
 L - 2 potions of curing {unknown}
Comestibles
 b - 17 rations


   Skills:
 + Level 3.1 Fighting
 + Level 0.3 Long Blades
 + Level 1.8 Axes
 + Level 4.9 Staves
 + Level 3.8 Dodging
 + Level 4.1 Stealth
 + Level 0.2 Unarmed Combat
 + Level 8.2 Spellcasting
 + Level 2.4 Conjurations
 + Level 4.6 Air Magic
 + Level 9.6 Poison Magic


You had 10 spell levels left.
You knew the following spells:

 Your Spells              Type           Power        Failure   Level  Hunger
a - Sting                 Conj/Pois      ####         1%          1    None
b - Poisonous Vapours     Pois/Air       #####.       1%          2    None
c - Mephitic Cloud        Conj/Pois/Air  ####....     1%          3    None
d - Olgreb's Toxic Radia  Pois           #####...     1%          4    ###....
e - Venom Bolt            Conj/Pois      ####......   8%          5    #####..

Your spell library contained the following spells:

 Spells                   Type           Power        Failure   Level  Hunger
 Shock                    Conj/Air       ###.         1%          1    None


Dungeon Overview and Level Annotations

Branches:
Dungeon (9/15)             Temple (1/1) D:7            Lair (4/6) D:8
  Swamp: Lair:2-4    Shoals: Lair:2-4     Snake: Lair:2-4    Spider: Lair:2-4
    Orc: D:9-12

Altars:
Ashenzari
Cheibriados
Dithmenos
Elyvilon
Fedhas
Gozag
Hepliaklqana
Kikubaaqudgha
Makhleb
Nemelex Xobeh
Okawaru
Qazlal
Ru
Sif Muna
Trog
Uskayaw
Vehumet
Wu Jian
Xom
Yredelemnul
Zin
The Shining One
Beogh

Shops:
D:4 (   D:5 *   D:7 *

Annotations:
D:2 exclusion: oklob plant
D:3 Grinder
Lair:1 2 transporters, Tribosh's ghost, journeyman DEFE


Innate Abilities, Weirdness & Mutations

You can breathe blasts of fire.
Your fiery red scales are hard. (AC +7)
You cannot fit into any form of body armour.
Your flesh is heat resistant. (rF+)
You are cold-blooded and may be slowed by cold attacks.


Message History

You feel sick. The spiny frog stings you!
You are more poisoned.
The spiny frog poisons you!
You climb upwards.
Level annotation: 2 transporters, Tribosh's ghost, journeyman DEFE You feel very sick.
There is a stone staircase leading down here.
You feel sick.
You feel very sick.
Press: ? - help, Shift-Dir - straight line, f - spiny frog
Aim: a spiny frog You breathe a blast of fire.
The fiery breath hits the spiny frog.
The spiny frog is lightly wounded.
You feel somewhat more hungry.
You feel sick.
The spiny frog is engulfed in blazing flames.
The spiny frog stings you!!
* * * LOW HITPOINT WARNING * * *
The spiny frog is engulfed in blazing flames.
The spiny frog stings you!!
You die...

#..................###......## #
#.####...P#............##....####
#.# ###.######....###..###...##.
..# ##.## #.....###### #....#.
..## #...# #......# #..##.. ...#
##..####.....## #..##.. #.##
#............## #...#.. #.#
##.#.....##...#######...... #.###
#.#......@...........<.... #...#
#........F........###.#.#. ..P.##
##.....>.###......#####.#.
....P###........###.......## #.#.
.#.................>.......# #...
....#####.......###.......####.#.
.#..# #.......# ##......P#.#...
#...# #.......# ##............
##..######.#.#### #...###.#P.##


You could see a spiny frog.

Vanquished Creatures
  Pikel (D:8)
  A spiny frog (Lair:3)
  2 hippogriffs (Lair:1)
  15 yaks
  A wyvern (D:8)
  4 porcupines
  2 orc warriors (D:8)
  A sky beast (D:6)
  4 slaves (D:8)
  A black bear (D:8)
  An ice beast (D:8)
  A phantom (D:8)
  An ogre (D:4)
  2 crocodiles
  3 centaurs
  A bullfrog (Lair:1)
  A scorpion (D:7)
  3 howler monkeys
  4 orc priests
  6 hounds
  A bullfrog skeleton (D:4)
  An iguana (D:7)
  6 orc wizards
  9 worker ants
  A hound skeleton (D:8)
  12 gnolls
  13 adders
  A howler monkey skeleton (D:6)
  2 oozes (D:4)
  4 leopard geckos
  35 orcs
  2 ball pythons
  6 bats
  4 giant cockroaches
  9 goblins
  4 hobgoblins
  8 jackals
  3 quokkas
  8 frilled lizards
  8 kobolds
  A leopard gecko skeleton (D:4)
  5 rats
198 creatures vanquished.

Vanquished Creatures (others)
  An orc (D:7)
  A quokka (D:7)
  A fungus (Lair:1)
3 creatures vanquished.

Grand Total: 201 creatures vanquished

Notes
Turn   | Place    | Note
-------+----------+-------------------------------------------
     0 | D:1      | doot the Draconian Venom Mage began the quest for the Orb.
     0 | D:1      | Reached XP level 1. HP: 14/14 MP: 3/3
   578 | D:1      | Reached XP level 2. HP: 20/20 MP: 1/5
   582 | D:1      | Learned a level 2 spell: Poisonous Vapours
  1698 | D:2      | Reached XP level 3. HP: 25/26 MP: 1/6
  1974 | D:2      | Learned a level 3 spell: Mephitic Cloud
  2244 | D:2      | Found a blossoming altar of Fedhas.
  2254 | D:2      | Noticed an oklob plant
  2857 | D:3      | Reached XP level 4. HP: 33/33 MP: 2/8
  2976 | D:3      | Noticed Grinder
  2984 | D:3      | Paralysed by Grinder for 2 turns
  3285 | D:3      | Noticed an ice beast
  3512 | D:3      | Reached skill level 1 in Air Magic
  3512 | D:3      | Reached skill level 4 in Poison Magic
  3536 | D:3      | Reached XP level 5. HP: 38/38 MP: 1/9
  3842 | D:3      | Learned a level 4 spell: Olgreb's Toxic Radiance
  4050 | D:4      | Found Zaremaeg's Weapon Emporium.
  4107 | D:4      | Reached XP level 6. HP: 39/45 MP: 4/10
  4249 | D:4      | Reached skill level 5 in Poison Magic
  4654 | D:4      | Reached skill level 1 in Axes
  4846 | D:4      | Your scales start taking on a fiery red colour.
  4846 | D:4      | Reached XP level 7. HP: 51/51 MP: 5/13
  4846 | D:4      | Gained mutation: Your flesh is heat resistant. (rF+) [Red
                  | Draconian growth]
  4928 | D:5      | Entered Level 5 of the Dungeon
  4986 | D:5      | Reached skill level 1 in Fighting
  5166 | D:5      | Found Vukoupho's Assorted Antiques.
  5236 | D:5      | Found a snail-covered altar of Cheibriados.
  5236 | D:5      | Found a burning altar of Makhleb.
  5236 | D:5      | Found a shadowy altar of Dithmenos.
  5661 | D:6      | Reached skill level 6 in Poison Magic
  5835 | D:6      | Found a shattered altar of Ashenzari.
  6195 | D:6      | Reached XP level 8. HP: 59/59 MP: 8/14
  6356 | D:5      | Bought a glowing quarterstaff for 126 gold pieces
  6715 | D:6      | Learned a level 5 spell: Venom Bolt
  6812 | D:7      | Found Zin's Purification Station.
  6817 | D:7      | Found a glowing silver altar of Zin.
  6831 | D:7      | Reached skill level 7 in Poison Magic
  7077 | D:7      | Found a white marble altar of Elyvilon.
  7101 | D:7      | Reached skill level 5 in Spellcasting
  7203 | D:7      | Found a staircase to the Ecumenical Temple.
  7215 | Temple   | Entered the Ecumenical Temple
  7263 | Temple   | Became a worshipper of Vehumet
  7838 | D:8      | Found a roughly hewn altar of Beogh.
  7844 | D:8      | Reached * piety under Vehumet
  7844 | D:8      | Offered knowledge of Shock by Vehumet.
  7959 | D:8      | Found a staircase to the Lair.
  7961 | D:8      | Noticed Pikel
  7983 | D:8      | Killed Pikel
  7983 | D:8      | Reached skill level 1 in Staves
  7983 | D:8      | Reached XP level 9. HP: 64/64 MP: 1/18
  8092 | D:9      | Reached skill level 8 in Poison Magic
  8349 | D:8      | Reached skill level 9 in Poison Magic
  8820 | Lair:1   | Entered Level 1 of the Lair of Beasts
  8871 | Lair:1   | Reached XP level 10. HP: 74/74 MP: 11/21
  9127 | Lair:1   | Noticed Tribosh's ghost (journeyman DEFE)
  9129 | Lair:1   | Noticed a four-headed hydra
  9137 | Lair:1   | Found a transporter.
  9140 | Lair:1   | Found a transporter.
  9592 | Lair:1   | Got a pitted long sword
  9593 | Lair:1   | Identified the +6 long sword "Hifaq" {slice, rElec Dex+5}
                  | (You found it on level 1 of the Lair of Beasts)
  9661 | Lair:2   | You fall through a shaft for 2 floors!
  9724 | Lair:3   | Noticed a spiny frog
  9763 | Lair:3   | Killed a spiny frog
 10025 | Lair:3   | Noticed a spiny frog
 10520 | Lair:2   | Noticed a spiny frog
 10534 | Lair:1   | Slain by a spiny frog

Skill      XL: |  1  2  3  4  5  6  7  8  9 10 |
---------------+-------------------------------+-----
Dodging        | 2 3 |  3.8
Spellcasting   | 3 4 6 7 8 |  8.2
Air Magic      | 1 2 3 4 |  4.6
Poison Magic   | 4 5 6 7 9 |  9.6
Stealth        | 2 3 4 |  4.1
Axes           | 1 |  1.8
Fighting       | 1 2 3 |  3.1
Staves         | 1 3 4 |  4.9
Conjurations   | 2 |  2.4
Long Blades    | |  0.3
Unarmed Combat | |  0.2

Action                   |  1- 3 |  4- 6 |  7- 9 | 10-12 || total
-------------------------+-------+-------+-------+-------++-------
Melee: Unarmed           |     4 |       |       |       ||     4
       Hand axe          |    40 |    31 |     7 |       ||    78
       Tailslap          |     3 |     4 |     3 |     1 ||    11
       Quarterstaff      |       |       |    64 |    13 ||    77
       Long sword        |       |       |       |    14 ||    14
 Cast: Sting             |    24 |    32 |    43 |     5 ||   104
       Poisonous Vapours |    32 |    41 |    37 |     8 ||   118
       Olgreb's Toxic Ra |       |    12 |    34 |     5 ||    51
       Mephitic Cloud    |       |     1 |       |       ||     1
       Venom Bolt        |       |       |     9 |     2 ||    11
 Abil: Breathe Fire      |       |       |     2 |     4 ||     6
Evoke: Wand              |       |     4 |       |       ||     4
  Use: Scroll            |     8 |     2 |     2 |       ||    12
       Potion            |       |       |       |     1 ||     1
 Stab: Sleeping          |       |     2 |     1 |     1 ||     4
  Eat: Chunk             |     8 |    11 |    21 |     7 ||    47
Armor: Skin              |    27 |    21 |    40 |    19 ||   107
Dodge: Dodged            |    69 |    52 |    94 |    20 ||   235
       Rpst.: Long sword |       |       |       |     4 ||     4
